 Dungeon Crawl Stone Soup version 0.21.0 (webtiles) character file.

181 mopl the Slasher (level 5, 0/30 HPs)
             Began as a Tengu Skald on Jan 7, 2018.
             Succumbed to an adder's poison
             ... in a sewer.
             The game lasted 00:05:33 (2157 turns).

mopl the Slasher (Tengu Skald)                      Turns: 2157, Time: 00:05:34

Health: 0/30       AC:  4    Str: 17    XL:     5   Next: 61%
Magic:  9/9        EV: 14    Int: 13    God:
Gold:   125        SH:  0    Dex: 14    Spells: 0/8 levels left

rFire    . . .     SeeInvis .   a - +0 falchion
rCold    . . .     Gourm    .   (no shield)
rNeg     . . .     Faith    .   b - +0 leather armour
rPois    .         Spirit   .   i - +0 hat {MR+}
rElec    .         Reflect  .   (no cloak)
rCorr    .         Harm     .   v - +0 pair of gloves
MR       +....                  (boots unavailable)
Stlth    +.........             (no amulet)
HPRegen  0.10/turn              (no ring)
MPRegen  0.11/turn              (no ring)

@: mighty, lethally poisoned (0 -> -7), flying quickly and evasively, hasted,
very quick
A: beak, talons 3, able to fly 1
a: no special abilities


You were in a sewer.
You were not hungry.

You visited 1 branch of the dungeon, and saw 3 of its levels.
You also visited: Sewer.

You collected 125 gold pieces.

Inventory:

Hand Weapons
 a - a +0 falchion (weapon)
Missiles
 h - 15 poisoned needles
Armour
 b - a +0 leather armour (worn)
 i - a +0 hat of magic resistance (worn)
 s - a +0 shield
 v - a +0 pair of gloves (worn)
Wands
 m - a wand of acid (8)
Scrolls
 e - 3 scrolls of teleportation
 f - a scroll of enchant armour {unknown}
 g - a scroll of fear {unknown}
 k - 4 scrolls of remove curse
 p - a scroll of identify {unknown}
 r - a scroll of magic mapping {unknown}
Potions
 n - a potion of haste
 t - a potion of agility {unknown}
 u - a potion of might
Books
 c - a book of Battle

   Spells                             Type                      Level
   a - Infusion                       Charms                       1
   b - Shroud of Golubria             Charms/Translocation         2
   c - Song of Slaying                Charms                       2
   d - Spectral Weapon                Hexes/Charms                 3
   e - Regeneration                   Charms/Necromancy            3
Comestibles
 d - 5 rations
 j - 8 chunks of flesh


   Skills:
 - Level 2.0 Fighting
 + Level 6.2 Long Blades
 - Level 1.1 Armour
 - Level 2.1 Dodging
 - Level 2.0 Spellcasting
 - Level 2.4 Charms


You couldn't memorise any spells.
You knew the following spells:

 Your Spells              Type           Power        Failure   Level  Hunger
a - Infusion              Chrm           #...         11%         1    ##.....
b - Song of Slaying       Chrm           #.......     17%         2    ###....
f - Shroud of Golubria    Chrm/Tloc      #.........   28%         2    ###....
r - Regeneration          Chrm/Necr      #.........   50%         3    ####...


Dungeon Overview and Level Annotations

Branches:
Dungeon (3/15)

Altars:
Dithmenos
Xom


Innate Abilities, Weirdness & Mutations

You have a beak for a mouth.
You have claws for feet.
You can fly.


Message History

The adder is almost dead.
* * * LOW HITPOINT WARNING * * *
You feel sick. The adder misses you.
You barely miss the adder. You claw the adder.
You kill the adder!
* * * LOW HITPOINT WARNING * * *
You feel sick.
It was a potion of haste.
You feel yourself speed up.
* * * LOW HITPOINT WARNING * * *
You feel sick. The river rat misses you.
The rat twitches its whiskers.
It was a potion of might.
You feel very mighty all of a sudden. The river rat closely misses you.
It was a potion of magic.
Magic courses through your body. The river rat barely misses you.
It was a potion of flight.
You feel very buoyant.
You swoop lightly up into the air.
You die...

...≈≈≈≈≈≈.....##
..≈≈≈≈≈≈.≈.....#
..≈≈≈≈≈≈.......#
..≈≈≈≈≈≈≈......#
#..≈≈≈≈.......##
#..≈≈≈.......#
##.≈≈≈≈......##
#..≈≈≈.≈r....####
....≈≈r....S###@#
....≈≈...rrr###r#
...≈≈≈≈....r.#rr#
...≈≈≈≈...r..Sr##
...≈≈≈.......r##
...≈≈≈.≈.....##
....≈≈≈.≈....##
...≈≈≈≈≈≈.....#
≈≈≈≈≈......#


You could see a river rat, a ball python and 4 rats.

Vanquished Creatures
  Jessica (D:2)
  6 adders
  A river rat (Sewer)
  2 worms (D:3)
  A dart slug (D:1)
  6 orcs (D:3)
  8 goblins
  10 hobgoblins
  4 jackals (D:2)
  12 kobolds
  A quokka (D:2)
  2 ball pythons
  8 bats
  8 frilled lizards
  18 rats
88 creatures vanquished.

Notes
Turn   | Place    | Note
-------+----------+-------------------------------------------
     0 | D:1      | mopl the Tengu Skald began the quest for the Orb.
     0 | D:1      | Reached XP level 1. HP: 12/12 MP: 4/4
   120 | D:1      | Reached XP level 2. HP: 11/17 MP: 0/6
   136 | D:1      | Reached skill level 3 in Long Blades
   147 | D:1      | Learned a level 2 spell: Song of Slaying
   150 | D:1      | Learned a level 2 spell: Shroud of Golubria
   626 | D:1      | Reached XP level 3. HP: 19/21 MP: 7/7
   917 | D:2      | Reached skill level 4 in Long Blades
  1046 | D:2      | Reached XP level 4. HP: 22/26 MP: 0/8
  1068 | D:2      | Found a shimmering altar of Xom.
  1136 | D:2      | Noticed Jessica
  1142 | D:2      | Killed Jessica
  1142 | D:2      | Reached skill level 5 in Long Blades
  1586 | D:3      | Gained mutation: You can fly. [Tengu growth]
  1586 | D:3      | Reached XP level 5. HP: 8/30 MP: 2/9
  1602 | D:3      | Learned a level 3 spell: Regeneration
  1645 | D:3      | Found a shadowy altar of Dithmenos.
  1939 | D:3      | Found a glowing drain.
  1982 | Sewer    | Entered a sewer
  2051 | Sewer    | Reached skill level 6 in Long Blades
  2131 | Sewer    | HP: 1/30 [adder (1)]
  2154 | Sewer    | HP: 1/30 [poisoned by an adder]
  2157 | Sewer    | Succumbed to an adder's poison

Skill      XL: |  1  2  3  4  5 |
---------------+----------------+-----
Long Blades    | 3 4 5 6 |  6.2
Fighting       | |  2.0
Armour         | |  1.1
Dodging        | |  2.1
Spellcasting   | |  2.0
Charms         | |  2.4

Action                   |  1- 3 |  4- 6 || total
-------------------------+-------+-------++-------
Melee: Falchion          |    57 |   114 ||   171
       Kick              |     8 |    27 ||    35
       Peck              |     5 |    18 ||    23
 Cast: Infusion          |     9 |     7 ||    16
       Song of Slaying   |     1 |     4 ||     5
       Shroud of Golubri |       |     2 ||     2
  Use: Potion            |       |     7 ||     7
       Scroll            |       |     2 ||     2
 Stab: Sleeping          |     1 |       ||     1
  Eat: Chunk             |     1 |     4 ||     5
Armor: Leather armour    |    21 |    17 ||    38
Dodge: Dodged            |    36 |    76 ||   112
       Rpst.: Falchion   |     5 |    22 ||    27
